 Dungeon Crawl Stone Soup version 0.24.1-8-ga250c9d538 (webtiles) character file.

Game seed: 1256207512430075079, levelgen mode: deterministic

105 Peloso the Shield-Bearer (level 4, -4/35 HPs)
             Began as a Demonspawn Fighter on May 1, 2020.
             Killed by nerve-wracking pain
             ... invoked by an orc priest
              (5 damage)
             ... on level 4 of the Dungeon.
             The game lasted 00:04:55 (2012 turns).

Peloso the Shield-Bearer (Demonspawn Fighter)       Turns: 2012, Time: 00:04:55

Health: -4/35      AC: 15    Str: 22    XL:     4   Next: 54%
Magic:  4/4        EV:  4    Int: 10    God:
Gold:   98         SH:  9    Dex: 12    Spells: 3/3 levels left

rFire    + . .     SeeInvis .   a - +0 long sword
rCold    . . .     Gourm    .   c - +0 shield
rNeg     . . .     Faith    .   r - +0 plate armour
rPois    +         Spirit   .   g - +1 helmet
rElec    .         Reflect  .   q - +1 cloak
rCorr    .         Harm     .   (no gloves)
MR       .....                  (no boots)
Stlth    ..........             (no amulet)
HPRegen  0.11/turn              k - ring of poison resistance
MPRegen  0.09/turn              v - ring of stealth

@: mighty
A: fire resistance 1
a: no special abilities


You were on level 4 of the Dungeon.
You were very hungry.

You visited 1 branch of the dungeon, and saw 5 of its levels.

You collected 98 gold pieces.

Inventory:

Hand Weapons
 a - a +0 long sword (weapon)
Armour
 b - a +0 scale mail
 c - a +0 shield (worn)
 g - a +1 helmet (worn)
 l - a +0 chain mail
 q - a +1 cloak (worn)
 r - a +0 plate armour (worn)
Jewellery
 k - a ring of poison resistance (left hand)
 v - a ring of stealth (right hand)
Wands
 w - a wand of scattershot (5)
Scrolls
 e - a scroll of magic mapping {unknown}
 h - a scroll of fear {unknown}
 i - 2 scrolls of noise {unknown}
 j - a scroll of fog {unknown}
 o - 3 scrolls of identify {unknown}
 p - a scroll of immolation {unknown}
 s - a scroll of random uselessness {unknown}
 u - a scroll of enchant weapon {unknown}
Potions
 d - a potion of might
 m - 2 potions of curing {unknown}
 n - a potion of magic {unknown}
 t - a potion of degeneration {unknown}
Comestibles
 f - 6 rations


   Skills:
 + Level 3.1 Fighting
 + Level 2.8 Long Blades
 + Level 3.4 Armour
 + Level 0.5 Dodging
 + Level 3.4 Shields


You had 3 spell levels left.
You didn't know any spells.
Your spell library was empty.

Dungeon Overview and Level Annotations

Branches:
Dungeon (5/15)
 Temple: D:4-7

Altars:


Innate Abilities, Weirdness & Mutations

Your flesh is heat resistant. (rF+)


Message History

You hit the orc priest.
The orc priest is moderately wounded.
The orc wizard hits you but does no damage.
The orc wizard gestures at you while chanting.
The puff of frost hits you!
* * * LOW HITPOINT WARNING * * *
The orc priest hits you but does no damage.
Your plate armour prevents you from hitting the orc priest.
The orc priest is moderately wounded.
You block the orc wizard's attack.
The orc priest mumbles some strange prayers to Beogh against you.
Pain shoots through your body!
* * * LOW HITPOINT WARNING * * *
Unknown command.
You closely miss the orc priest.
The orc priest is moderately wounded.
The orc wizard looks braver for a moment.
The orc priest calls down the wrath of Beogh upon you.
Pain shoots through your body!
You die...

....#......###
.............. ..
............###...#
..........>.......
##..#.............
#...#.......#...#.
#.....<....>....
##...##..#..#...
#..o@o#..#..# #.
.......$.........
.................#
##..#............#
##.........####
.........##
##.......##
..##.....


You could see an orc priest and an orc wizard.

Vanquished Creatures
  A hound (D:2)
  3 adders
  A worm (D:2)
  A dart slug (D:2)
  2 leopard geckos (D:2)
  2 orcs (D:4)
  10 bats
  2 giant cockroaches (D:2)
  5 goblins
  A hobgoblin (D:3)
  3 jackals (D:1)
  3 frilled lizards
  6 kobolds
  4 rats
44 creatures vanquished.

Notes
Turn   | Place    | Note
-------+----------+-------------------------------------------
     0 | D:1      | Peloso the Demonspawn Fighter began the quest for the Orb.
     0 | D:1      | Reached XP level 1. HP: 18/18 MP: 1/1
   267 | D:1      | Gained mutation: Your flesh is heat resistant. (rF+)
                  | [demonic ancestry]
   267 | D:1      | Reached XP level 2. HP: 17/24 MP: 2/2
  1053 | D:2      | Reached XP level 3. HP: 29/29 MP: 3/3
  1622 | D:2      | Reached XP level 4. HP: 8/35 MP: 4/4
  1940 | D:3      | You fall into a shaft and drop 2 floors!
  1940 | D:5      | Entered Level 5 of the Dungeon
  2011 | D:4      | HP: 1/35 [orc priest/nerve-wracking pain (7)]
  2012 | D:4      | Killed from afar by an orc priest

Levels and vault maps discovered:
D:1:      grunt_arrival_crossed_arrows, layout_basic
D:2:      minmay_alternating_diamond, layout_rooms
D:3:      layout_rooms, lemuel_coloured_pillars_altar, uniq_grinder
D:4:      layout_rooms, old_standard_altar, old_standard_altar,
          grunt_gozag_breadcrumbs, first_ration, portal_sewer_entry_f,
          fedhas_altar_3
D:5:      layout_loops_ring, kennysheep_slug_shrine, uniq_pikel, uniq_edmund

Skill      XL: |  1  2  3 |
---------------+----------+-----
Long Blades    | 2 |  2.8
Shields        | 3 |  3.4
Armour         | 3 |  3.4
Fighting       | |  3.1
Dodging        | |  0.5

Action                   |  1- 3 |  4- 6 || total
-------------------------+-------+-------++-------
Melee: Long sword        |   164 |    51 ||   215
  Use: Potion            |       |     1 ||     1
  Eat: Chunk             |     2 |     1 ||     3
Armor: Scale mail        |    64 |       ||    64
       Chain mail        |    19 |       ||    19
       Plate armour      |   106 |    61 ||   167
Dodge: Dodged            |    51 |    14 ||    65
Block: Shield            |   118 |    44 ||   162
       Rpst.: Long sword |    13 |     4 ||    17
